 Dungeon Crawl Stone Soup version 0.27-a0-291-gd9602db6ee (webtiles) character file.

Game seed: 13573677036594917340

306 mobtown the Grave Robber (level 6, 0/32 HPs)
             Began as a Deep Elf Necromancer on Feb 9, 2021.
             Slain by a bullfrog (8 damage)
             ... in a sewer.
             The game lasted 00:14:01 (3882 turns).

mobtown the Grave Robber (Deep Elf Necromancer)     Turns: 3882, Time: 00:14:03

Health: 0/32       AC:  4    Str:  5    XL:     6   Next: 16%
Magic:  3/15       EV: 10    Int: 28    God:
Gold:   164        SH:  0    Dex: 15    Spells: 10/15 levels left

rFire    . . .     SeeInvis .   d - +0 dagger
rCold    + . .     Faith    .   (no shield)
rNeg     . . .     Spirit   .   a - +0 robe
rPois    .         Reflect  .   (no helmet)
rElec    .         Harm     .   (no cloak)
rCorr    .         Rampage  .   h - +1 pair of gloves
Will     .....                  (no boots)
Stlth    ++........             m - amulet of the acrobat
HPRegen  0.10/turn              q - ring of protection from cold
MPRegen  0.14/turn              u - +6 ring of intelligence

@: mighty, hasted, constricted, very quick
A: no striking features
a: no special abilities


You were in a sewer.
You visited 1 branch of the dungeon, and saw 3 of its levels.
You also visited: Sewer.

You collected 164 gold pieces.

Inventory:

Hand Weapons
 d - a +0 dagger (weapon)
 o - a +2 whip of holy wrath
Missiles
 f - 149 stones
 s - 17 arrows
Armour
 a - a +0 robe (worn)
 h - a +1 pair of gloves (worn)
Jewellery
 l - an uncursed ring of ice
 m - an amulet of the acrobat (around neck)
 q - a ring of protection from cold (left hand)
 u - a +6 ring of intelligence (right hand)
Wands
 p - a wand of random effects (12)
Scrolls
 e - 2 scrolls of remove curse
 g - a scroll of amnesia
 r - a scroll of immolation
 v - a scroll of identify
 w - 2 scrolls of teleportation
 x - a scroll of fog {unknown}
 y - a scroll of fear {unknown}
 z - a scroll of brand weapon {unknown}
Potions
 b - a potion of invisibility {unknown}
 c - a potion of degeneration {unknown}
 i - a potion of lignification {unknown}
 j - 2 potions of might
 k - a potion of curing
 n - a potion of cancellation {unknown}
 t - a potion of attraction {unknown}
 A - a potion of brilliance {unknown}
 B - a potion of haste


   Skills:
 + Level 0.8 Short Blades
 + Level 2.4 Dodging
 + Level 3.2 Stealth
 + Level 5.2 Spellcasting
 * Level 7.6 Necromancy


You had 10 spell levels left.
You knew the following spells:

 Your Spells              Type           Power        Failure   Level
a - Pain                  Necr           100%         1%          1
b - Animate Skeleton      Necr           100%         1%          1
c - Vampiric Draining     Necr           25%          1%          3

Your spell library contained the following spells:

 Spells                   Type           Power        Failure   Level
 Animate Dead             Necr           25%          2%          4
 Agony                    Necr           50%          8%          5


Dungeon Overview and Level Annotations

Branches:
Dungeon (3/15)              Sewer (1/1)

Altars:
Cheibriados
Okawaru
Wu Jian

Annotations:
D:3 Grinder


Message History

The ball python constricts you.
The ball python bites you but does no damage.
The bullfrog hits you but does no damage.
Casting: Vampiric Draining (safe; 1% risk of failure)
Confirm with . or Enter, or press ? or * to list all spells.
Aiming: Vampiric Draining (safe; 1% risk of failure)
Press: ? - help, Shift-Dir - straight line, f - ball python
Aim: a ball python (constricting you)
Okay, then.
It was a potion of curing.
You feel better. The bullfrog barely misses you. The ball python bites you.
The ball python constricts you. The ball python barely misses you.
The bullfrog hits you. x2
* * * LOW HITPOINT WARNING * * *
It was a potion of haste.
You feel yourself speed up. The bullfrog hits you.
* * * LOW HITPOINT WARNING * * *
The ball python bites you but does no damage.
The ball python constricts you.
The ball python bites you but does no damage.
The bullfrog barely misses you. The bullfrog hits you!
You die...

###################
.#≈≈≈≈≈≈F≈≈≈≈≈≈≈≈..###
.≈≈≈≈≈≈JS@≈≈≈≈≈≈≈....##
..≈≈≈≈≈≈FS≈≈≈≈≈≈≈.....#
.≈≈≈≈≈≈J≈≈≈≈≈≈≈≈≈≈....#
..≈≈≈≈≈≈≈≈≈≈≈≈≈≈≈.....##
..≈≈≈≈≈≈≈≈≈≈≈≈≈≈≈#.....#
###################....#
####...## #..#....#
#..'....#


You could see 2 bullfrogs, 2 oozes and 2 ball pythons.

Vanquished Creatures
  A bullfrog (D:3)
  6 adders
  3 gnolls (D:2)
  6 river rats
  An ooze (D:2)
  A worm (D:2)
  3 dart slugs
  A leopard gecko (D:2)
  3 orcs (D:3)
  11 bats
  7 giant cockroaches
  4 goblins
  4 hobgoblins
  2 quokkas
  11 ball pythons
  2 frilled lizards
  6 kobolds
  A leopard gecko skeleton (D:2)
  30 rats
103 creatures vanquished.

Notes
Turn   | Place    | Note
-------+----------+-------------------------------------------
     0 | D:1      | mobtown the Deep Elf Necromancer began the quest for the
                  | Orb.
     0 | D:1      | Reached XP level 1. HP: 10/10 MP: 6/6
   178 | D:1      | Reached skill level 5 in Necromancy
   475 | D:1      | Reached XP level 2. HP: 13/15 MP: 6/8
  1199 | D:2      | Reached XP level 3. HP: 13/19 MP: 3/9
  1201 | D:2      | Learned a level 1 spell: Animate Skeleton
  1205 | D:2      | Learned a level 3 spell: Vampiric Draining
  1595 | D:2      | Reached skill level 6 in Necromancy
  1716 | D:2      | Found an ornate altar of the Wu Jian Council.
  1735 | D:2      | Found a snail-covered altar of Cheibriados.
  1912 | D:2      | Reached XP level 4. HP: 18/24 MP: 5/11
  2095 | D:2      | Found an iron altar of Okawaru.
  2416 | D:3      | Noticed Grinder
  2577 | D:3      | Noticed a bullfrog
  2583 | D:3      | Killed a bullfrog
  2584 | D:3      | Reached skill level 7 in Necromancy
  2584 | D:3      | Reached XP level 5. HP: 21/28 MP: 5/13
  2945 | D:3      | Found a glowing drain.
  2949 | Sewer    | Entered a sewer
  3506 | Sewer    | Reached XP level 6. HP: 23/32 MP: 7/15
  3509 | Sewer    | Reached skill level 5 in Spellcasting
  3882 | Sewer    | Slain by a bullfrog

Illustrated notes

Levels and vault maps discovered:
D:1:      kilobyte_arrival_exit_the_forest, layout_rooms
D:2:      layout_rooms, lemuel_round_altar, cheibriados_altar_1,
          nzn_wu_jian_contemplation, chequers_serial_rivers_micro_c,
          kennysheep_doodads
D:3:      layout_basic, gup_sewer_entry_bowl, minmay_misc_feat_cross,
          minmay_ogre_servants, uniq_grinder
Sewer:    sewer_minmay_w

Skill      XL: |  1  2  3  4  5  6 |
---------------+-------------------+-----
Necromancy     | 5 6 7 |  7.6
Stealth        | 3 |  3.2
Spellcasting   | 4 5 |  5.2
Short Blades   | |  0.8
Dodging        | |  2.4

Action                   |  1- 3 |  4- 6 || total
-------------------------+-------+-------++-------
Melee: Dagger            |    17 |    10 ||    27
 Cast: Pain              |    54 |   101 ||   155
       Vampiric Draining |       |     5 ||     5
  Use: Scroll            |       |     6 ||     6
       Potion            |       |     3 ||     3
 Stab: Sleeping          |     6 |     2 ||     8
Armor: Robe              |     1 |    20 ||    21
Dodge: Dodged            |    13 |    40 ||    53

Table legend: (Time is in decaauts)
 A = Elapsed time spent in this place.
 B = Non-inter-level travel time spent in this place.
 C = Inter-level travel time spent in this place.
 D = Time resting spent in this place.
 E = Time spent auto-exploring this place.
 F = Levels seen in this place.
 G = Mean time per level.
                   A        B        C        D        E       F      G
               +--------+--------+--------+--------+--------+-----+--------+
         Total |   3926 |   3926 |      0 |    948 |   1966 |   4 |  981.5 |
       Dungeon |   2957 |   2957 |      0 |    313 |   1747 |   3 |  985.7 |
         Sewer |    968 |    968 |      0 |    635 |    218 |   1 |  968.0 |
               +--------+--------+--------+--------+--------+-----+--------+

Top non-repeatable levels by time:
     D:2: 1400 daAuts
     D:1: 1021 daAuts
   Sewer: 968 daAuts
     D:3: 536 daAuts
